 Dungeon Crawl Stone Soup version 0.30-a0-142-g7370640ec8 (webtiles) character file.

Game seed: 9814015711636724187

42 qw the Chopper (level 3, -1/23 HPs)
             Began as a Gargoyle Fighter on Sept 25, 2022.
             Frozen to death by an endoplasm (4 damage)
             ... on level 2 of the Dungeon on Sept 26, 2022.
             The game lasted 00:00:28 (1485 turns).

qw the Chopper (Gargoyle Fighter)                   Turns: 1485, Time: 00:00:28

Health: -1/23      AC: 11    Str: 21    XL:     3   Next: 54%
Magic:  3/3        EV:  9    Int:  8    God:
Gold:   37         SH:  4    Dex:  9    Spells: 2/2 levels left

rFire   . . .      SeeInvis .    Y - +0 war axe
rCold   . . .      Faith    .    c - +0 buckler
rNeg    + . .      Spirit   .    b - +0 scale mail
rPois   inf        Reflect  .    i - +0 helmet
rElec   +          Harm     .    (no cloak)
rCorr   .          Rampage  .    (no gloves)
Will    .....                    (no boots)
Stlth   ..........               (no amulet)
HPRegen 0.07/turn                (no ring)
MPRegen 0.08/turn                (no ring)

@: about to teleport
A: sickness immunity, AC +3, negative energy resistance 1, electricity
resistance, torment resistance 1, petrification resistance
a: no special abilities


You were on level 2 of the Dungeon.
You visited 1 branch of the dungeon, and saw 2 of its levels.

You collected 37 gold pieces.


Innate Abilities, Weirdness & Mutations

You are immune to sickness and miasma.
Your stone body is resilient. (AC +3)
You are immune to poison.
You resist negative energy. (rN+)
You are resistant to electric shocks. (rElec)
You are resistant to unholy torment.
You are immune to petrification.


   Skills:
 - Level 3.2 Fighting
 + Level 3.4 Axes
 - Level 3.2 Armour
 - Level 3.2 Shields


You had 2 spell levels left.
You didn't know any spells.
Your spell library was empty.

Inventory:

Hand Weapons
 k - a +0 whip
 Y - a +0 war axe (weapon)
Armour
 b - a +0 scale mail (worn)
 c - a +0 buckler (worn)
 i - a +0 helmet (worn)
Scrolls
 g - a scroll of identify
Potions
 d - a potion of might
 f - a potion of cancellation {unknown}
 j - a potion of haste {unknown}
 l - a potion of lignification {unknown}

Dungeon Overview and Level Annotations

Branches:
Dungeon (2/15)

Altars:


Message History

You hit the endoplasm but do no damage. You slash the goblin!
You kill the goblin!
The endoplasm freezes you.
You are frozen.
You completely miss the endoplasm.
The endoplasm hits you but does no damage.
The endoplasm freezes you.
You are frozen.
You hit the endoplasm.
The endoplasm is lightly wounded.
The endoplasm hits you.
You hit the endoplasm but do no damage.
The endoplasm is lightly wounded.
The endoplasm freezes you.
You are frozen.
You barely miss the endoplasm.
The endoplasm is lightly wounded.
The endoplasm closely misses you.
The endoplasm hits you but does no damage.
You barely miss the endoplasm.
The endoplasm is lightly wounded.
The endoplasm freezes you.
You are frozen.
You hit the endoplasm.
The endoplasm is moderately wounded.
The endoplasm freezes you.
You are frozen.
The endoplasm freezes you.
You are frozen.
1484 ||| READING scroll of teleportation.
As you read the scroll of teleportation, it crumbles to dust.
You feel strangely unstable.
A ball python comes into view.
You block the endoplasm's attack.
You barely miss the endoplasm.
The endoplasm is moderately wounded.
The ball python hisses angrily.
The endoplasm freezes you.
You are frozen.
You die...

#... #.S#
#.$# ##..#
...#
######..#
..<...J)##
.......@.#
.####...###
##....# .##
##.#.# ...
#.#.# #..
##.#.# #.#
#....# #.#
#....# #.#
#....#


You could see an endoplasm and a ball python.

Vanquished Creatures
  An adder (D:1)
  A dart slug (D:1)
  5 bats
  3 endoplasms (D:1)
  2 goblins
  3 hobgoblins
  4 jackals (D:1)
  A kobold (D:1)
  2 quokkas (D:1)
  2 ball pythons
  2 frilled lizards (D:1)
  A rat (D:1)
27 creatures vanquished.

Notes
Turn   | Place    | Note
-------+----------+-------------------------------------------
     0 | D:1      | qw the Gargoyle Fighter began the quest for the Orb.
     0 | D:1      | Reached XP level 1. HP: 14/14 MP: 1/1
     0 | D:1      | 0 ||| qw: Version: 0.2-a-10-g399e6c4
     0 | D:1      | 0 ||| qw: Game counter: 430
     0 | D:1      | 0 ||| qw: Always use a shield: true
     0 | D:1      | 0 ||| qw: God list: Okawaru
     0 | D:1      | 0 ||| qw: Allow faded altars: false
     0 | D:1      | 0 ||| qw: Do Orc after D:15 true
     0 | D:1      | 0 ||| qw: Do second Lair branch before Depths: true
     0 | D:1      | 0 ||| qw: Lair rune preference: random
     0 | D:1      | 0 ||| qw: Plans: Normal, Zot:1-4, God:TSO, Crypt, Tomb,
                  | Pan, Slime:5, Hells, Abyss, Orb
     0 | D:1      | 0 ||| PLANNING D:1-11
     7 | D:1      | Noticed a komodo dragon
     7 | D:1      | Noticed a tyrant leech
     7 | D:1      | Noticed an imperial myrmidon
     8 | D:1      | Noticed a hell rat
     8 | D:1      | Noticed a centaur warrior
   316 | D:1      | Reached XP level 2. HP: 17/19 MP: 2/2
   396 | D:1      | 396 ||| Stepping ~*~*~tactically~*~*~ (stealth).
   399 | D:1      | 399 ||| Stepping ~*~*~tactically~*~*~ (stealth).
   611 | D:1      | 611 ||| Stepping ~*~*~tactically~*~*~ (stealth).
   685 | D:1      | 685 ||| DROPPING +0 club.
   926 | D:1      | 926 ||| Stepping ~*~*~tactically~*~*~ (hiding).
   927 | D:1      | 927 ||| Stepping ~*~*~tactically~*~*~ (hiding).
   935 | D:1      | Reached skill level 3 in Axes
   955 | D:1      | Reached XP level 3. HP: 23/23 MP: 3/3
   970 | D:1      | Found a faded altar of an unknown god.
  1355 | D:1      | 1355 ||| UPGRADING to +0 helmet.
  1360 | D:1      | 1360 ||| DROPPING +6 ring of intelligence.
  1361 | D:1      | 1361 ||| READING 2 scrolls labelled HESHRO OCSA.
  1364 | D:1      | 1364 ||| READING 2 scrolls labelled IKAJOT RUIWYHO.
  1365 | D:1      | 1365 ||| READING scroll labelled BURULA GITE.
  1374 | D:2      | 1374 ||| STAIRDANCE
  1483 | D:2      | HP: 3/23 [frozen (5)]
  1484 | D:2      | 1484 ||| READING scroll of teleportation.
  1485 | D:2      | Frozen to death by an endoplasm

Levels and vault maps discovered:
D:1:      onia_arrival_zoo_common, layout_basic,
          hellmonk_ecumenical_altar_heavens_door
D:2:      layout_loops_ring, chequers_serial_rivers_large_b,
          grunt_decor_arrowhead, st_stairs_12

Skill      XL: |  1  2 |
---------------+-------+-----
Axes           | 2 3 |  3.4
Fighting       | |  3.2
Armour         | |  3.2
Shields        | |  3.2

Action                   || total
-------------------------++-------
Melee: War axe           ||    80
  Use: Scroll            ||     4
Armor: Scale mail        ||    37
Dodge: Dodged            ||    34
Block: Buckler           ||    14

Table legend:
 A = Non-vault XP
 B = Vault XP
 C = Vault XP percentage of total XP
 D = Non-vault monster count
 E = Vault monster count
 F = Vault count percentage of total count
                 A         B        C        D         E       F
            +---------+---------+-------+---------+---------+-------
      Total |      60 |       0 |   0.0 |      27 |       0 |   0.0
            +---------+---------+-------+---------+---------+-------
        D:1 |      53 |       0 |   0.0 |      23 |       0 |   0.0
        D:2 |       7 |       0 |   0.0 |       4 |       0 |   0.0
            +---------+---------+-------+---------+---------+-------
